TOP OF THE 1ST |
Tuscaloosa Trout Slayers batting - Pitching for Birmingham Barons : RHP Pedro Valdés
|
Pitching: RHP Pedro Valdés
|
|
Batting: LHB Manuel Ortega
|
0-0: Swinging Strike 0-1: Foul Ball, location: 2F 0-2: Strikes out swinging
|
Batting: RHB José Fernández
|
0-0: Ball 1-0: Swinging Strike 1-1: Ground out 5-3 (Groundball, 56)
|
Batting: LHB Ed Murray
|
0-0: Called Strike 0-1: Ball 1-1: Ball 2-1: Ball 3-1: Base on Balls
|
Batting: LHB Ed Hart
|
0-0: Ground out 4-3 (Groundball, 34)
|
Top of the 1st over - 0 runs, 0 hits, 0 errors, 1 left on base; Tuscaloosa 0 - Birmingham 0 |
BOTTOM OF THE 1ST |
Birmingham Barons batting - Pitching for Tuscaloosa Trout Slayers : LHP Ben Head
|
Pitching: LHP Ben Head
|
|
Batting: RHB Jesús Velásquez
|
0-0: Ball 1-0: Ground out 5-3 (Groundball, 5)
|
Batting: RHB Chris Parker
|
0-0: Ball 1-0: Ball 2-0: Called Strike 2-1: Called Strike 2-2: Foul Ball, location: 2F 2-2: Ball 3-2: Foul Ball, location: 2F 3-2: Strikes out swinging
|
Batting: LHB Salvador López
|
0-0: Ball 1-0: Foul Ball, location: 2F 1-1: Foul Ball, location: 2F 1-2: DOUBLE (Flyball, 78XD)
|
Batting: RHB Dean Bailey
|
0-0: Called Strike 0-1: Ball 1-1: Swinging Strike 1-2: Ball 2-2: Ball 3-2: SINGLE (Groundball, 34D) Salvador López to third Salvador López scores
|
Batting: RHB Bryant von Bohlen
|
0-0: Foul Ball, location: 2F 0-1: Ball 1-1: Called Strike 1-2: Foul Ball, location: 2F 1-2: Ball 2-2: Ball 3-2: Base on Balls Dean Bailey to second
|
Batting: RHB Reinaldo Amarante
|
0-0: Fielders Choice at 2nd, 6-4 (Groundball, 6)
|
Bottom of the 1st over - 1 run, 2 hits, 0 errors, 2 left on base; Tuscaloosa 0 - Birmingham 1 |
TOP OF THE 2ND |
Tuscaloosa Trout Slayers batting - Pitching for Birmingham Barons : RHP Pedro Valdés
|
Batting: LHB Marcos Villarreal
|
0-0: Ball 1-0: Foul Ball, location: 2F 1-1: Foul Ball, location: 2F 1-2: Ball 2-2: Ground out 4-3 (Groundball, 4MD)
|
Batting: RHB José Pinto
|
0-0: Swinging Strike 0-1: Called Strike 0-2: Ball 1-2: SINGLE (Line Drive, 9S)
|
Batting: RHB Augusto Baca
|
0-0: Ball 1-0: Ball 2-0: Called Strike 2-1: Swinging Strike 2-2: SINGLE (Line Drive, 7S) José Pinto to second
|
Batting: SHB António Ramírez
|
0-0: Ball 1-0: Called Strike 1-1: Ball 2-1: Grounds into double play, 4-6-3 (Groundball, 4)
|
Top of the 2nd over - 0 runs, 2 hits, 0 errors, 1 left on base; Tuscaloosa 0 - Birmingham 1 |
BOTTOM OF THE 2ND |
Birmingham Barons batting - Pitching for Tuscaloosa Trout Slayers : LHP Ben Head
|
Batting: RHB Fred Moulds
|
0-0: Called Strike 0-1: Ground out 1-3 (Groundball, 13)
|
Batting: SHB Pancho Ruíz
|
0-0: Called Strike 0-1: Ball 1-1: Ball 2-1: Called Strike 2-2: Ball 3-2: Foul Ball, location: 2F 3-2: SINGLE (Groundball, 34D)
|
Batting: RHB Frederick Curtis
|
0-0: Called Strike 0-1: Swinging Strike 0-2: Ball 1-2: Ball 2-2: Ball 3-2: Base on Balls Pancho Ruíz to second
|
Batting: RHB Jesús Velásquez
|
0-0: Called Strike 0-1: Ball 1-1: SINGLE (Groundball, 25) (infield hit) Pancho Ruíz to third Frederick Curtis to second
|
Batting: RHB Chris Parker
|
0-0: Ball 1-0: Ball 2-0: Ball 3-0: Base on Balls Pancho Ruíz scores Frederick Curtis to third Jesús Velásquez to second
|
Batting: LHB Salvador López
|
0-0: Ball 1-0: Called Strike 1-1: Reached on error, E5 (Groundball, 56) Frederick Curtis scores Jesús Velásquez to third Chris Parker to second
|
Batting: RHB Dean Bailey
|
0-0: Called Strike 0-1: Called Strike 0-2: Grounds into double play, 6-4-3 (Groundball, 6)
|
Bottom of the 2nd over - 2 runs, 2 hits, 1 error, 2 left on base; Tuscaloosa 0 - Birmingham 3 |
TOP OF THE 3RD |
Tuscaloosa Trout Slayers batting - Pitching for Birmingham Barons : RHP Pedro Valdés
|
Batting: RHB Greg Lee
|
0-0: Fly out, F8 (Flyball, 8RS)
|
Batting: LHB Manuel Ortega
|
0-0: Foul Ball, location: 2F 0-1: Ball 1-1: Called Strike 1-2: Ball 2-2: Foul Ball, location: 2F 2-2: Fly out, F5 (Line Drive, 5)
|
Batting: RHB José Fernández
|
0-0: Ball 1-0: Swinging Strike 1-1: Ground out 6-3 (Groundball, 6)
|
Top of the 3rd over - 0 runs, 0 hits, 0 errors, 0 left on base; Tuscaloosa 0 - Birmingham 3 |
BOTTOM OF THE 3RD |
Birmingham Barons batting - Pitching for Tuscaloosa Trout Slayers : LHP Ben Head
|
Batting: RHB Bryant von Bohlen
|
0-0: Fly out, F9 (Flyball, 9LMF)
|
Batting: RHB Reinaldo Amarante
|
0-0: Ball 1-0: Called Strike 1-1: Foul Ball, location: 2F 1-2: Strikes out looking
|
Batting: RHB Fred Moulds
|
0-0: Called Strike 0-1: Ball 1-1: Fly out, F7 (Flyball, 78M)
|
Bottom of the 3rd over - 0 runs, 0 hits, 0 errors, 0 left on base; Tuscaloosa 0 - Birmingham 3 |
TOP OF THE 4TH |
Tuscaloosa Trout Slayers batting - Pitching for Birmingham Barons : RHP Pedro Valdés
|
Batting: LHB Ed Murray
|
0-0: Called Strike 0-1: Ball 1-1: Ball 2-1: SINGLE (Line Drive, 4M)
|
Batting: LHB Ed Hart
|
0-0: Ball 1-0: Foul Ball, location: 2F 1-1: Called Strike 1-2: Ball 2-2: Foul Ball, location: 2F 2-2: Foul Ball, location: 2F 2-2: Ball 3-2: Base on Balls Ed Murray to second
|
Batting: LHB Marcos Villarreal
|
0-0: Called Strike 0-1: Ball 1-1: Ball 2-1: Ball 3-1: Base on Balls Ed Murray to third Ed Hart to second
|
Batting: RHB José Pinto
|
0-0: Ball 1-0: Ground out 3-1 (Groundball, 34S) Ed Murray scores Ed Hart to third Marcos Villarreal to second
|
Batting: RHB Augusto Baca
|
0-0: Swinging Strike 0-1: Ball 1-1: Called Strike 1-2: Ball 2-2: Fly out, F8 (Flyball, 8RD) Runner from 3rd tags up, SCORES, throw made
|
Batting: SHB António Ramírez
|
0-0: Called Strike 0-1: Called Strike 0-2: Ball 1-2: Foul Ball, location: 2F 1-2: Strikes out swinging
|
Top of the 4th over - 2 runs, 1 hit, 0 errors, 1 left on base; Tuscaloosa 2 - Birmingham 3 |
BOTTOM OF THE 4TH |
Birmingham Barons batting - Pitching for Tuscaloosa Trout Slayers : LHP Ben Head
|
Batting: SHB Pancho Ruíz
|
0-0: Foul Ball, location: 2F 0-1: Ball 1-1: Ball 2-1: Ball 3-1: Base on Balls
|
Batting: RHB Frederick Curtis
|
0-0: Fly out, F7 (Flyball, 7)
|
Batting: RHB Jesús Velásquez
|
0-0: Fielders Choice at 2nd, 5-4 (Groundball, 5)
|
Batting: RHB Chris Parker
|
0-0: Ball 1-0: Ball 2-0: Ball 3-0: Called Strike 3-1: Ground out 4-3 (Groundball, 34)
|
Bottom of the 4th over - 0 runs, 0 hits, 0 errors, 1 left on base; Tuscaloosa 2 - Birmingham 3 |
TOP OF THE 5TH |
Tuscaloosa Trout Slayers batting - Pitching for Birmingham Barons : RHP Pedro Valdés
|
Batting: RHB Greg Lee
|
0-0: Ball 1-0: Ball 2-0: Ground out 1-3 (Groundball, P)
|
Batting: LHB Manuel Ortega
|
0-0: Called Strike 0-1: Ball 1-1: Ball 2-1: Ground out 4-3 (Groundball, 4)
|
Batting: RHB José Fernández
|
0-0: Ball 1-0: Ball 2-0: Called Strike 2-1: Swinging Strike 2-2: Strikes out swinging
|
Top of the 5th over - 0 runs, 0 hits, 0 errors, 0 left on base; Tuscaloosa 2 - Birmingham 3 |
BOTTOM OF THE 5TH |
Birmingham Barons batting - Pitching for Tuscaloosa Trout Slayers : LHP Ben Head
|
Batting: LHB Salvador López
|
0-0: Foul Ball, location: 2F 0-1: Ball 1-1: Ball 2-1: Foul Ball, location: 2F 2-2: Ball 3-2: Base on Balls
|
Batting: RHB Dean Bailey
|
0-0: Ball 1-0: Foul Ball, location: 2F 1-1: Ball 2-1: Ball 3-1: Foul Ball, location: 2F 3-2: Foul Ball, location: 2F 3-2: Foul Ball, location: 2F 3-2: Base on Balls Salvador López to second
|
Batting: RHB Bryant von Bohlen
|
0-0: Called Strike 0-1: Called Strike 0-2: Ball 1-2: Foul Ball, location: 2F 1-2: Grounds into double play, 1-4-3 (Groundball, 15S) Salvador López to third
|
Batting: RHB Reinaldo Amarante
|
0-0: Ball 1-0: Swinging Strike 1-1: Ball 2-1: Reached on error, E5 (Groundball, 56S) Salvador López scores
|
Batting: RHB Fred Moulds
|
0-0: Called Strike 0-1: Foul Ball, location: 2F 0-2: Strikes out swinging
|
Bottom of the 5th over - 1 run, 0 hits, 1 error, 1 left on base; Tuscaloosa 2 - Birmingham 4 |
TOP OF THE 6TH |
Tuscaloosa Trout Slayers batting - Pitching for Birmingham Barons : RHP Pedro Valdés
|
Batting: LHB Ed Murray
|
0-0: Ball 1-0: Ball 2-0: Ball 3-0: Called Strike 3-1: Foul Ball, location: 2F 3-2: SINGLE (Line Drive, 4D)
|
Batting: LHB Ed Hart
|
0-0: Called Strike 0-1: Ball 1-1: Foul Ball, location: 2F 1-2: Grounds into double play, 6-4-3 (Groundball, 6)
|
Batting: LHB Marcos Villarreal
|
0-0: Ball 1-0: Ball 2-0: SINGLE (Line Drive, 4MD)
|
Batting: RHB José Pinto
|
0-0: Ball 1-0: Ball 2-0: Fly out, F9 (Flyball, 89S)
|
Top of the 6th over - 0 runs, 2 hits, 0 errors, 1 left on base; Tuscaloosa 2 - Birmingham 4 |
BOTTOM OF THE 6TH |
Birmingham Barons batting - Pitching for Tuscaloosa Trout Slayers : LHP Ben Head
|
Pitching: RHP Jimmy Bradley
|
|
Batting: SHB Pancho Ruíz
|
0-0: Called Strike 0-1: Ball 1-1: Ball 2-1: Foul Ball, location: 2F 2-2: Ground out 4-3 (Groundball, 34D)
|
Batting: RHB Frederick Curtis
|
0-0: Called Strike 0-1: Called Strike 0-2: Ball 1-2: Ball 2-2: Foul Ball, location: 2F 2-2: Strikes out swinging
|
Batting: RHB Jesús Velásquez
|
0-0: Ball 1-0: Called Strike 1-1: Ball 2-1: Ground out 4-3 (Groundball, 4)
|
Bottom of the 6th over - 0 runs, 0 hits, 0 errors, 0 left on base; Tuscaloosa 2 - Birmingham 4 |
TOP OF THE 7TH |
Tuscaloosa Trout Slayers batting - Pitching for Birmingham Barons : RHP Pedro Valdés
|
Batting: RHB Augusto Baca
|
0-0: Called Strike 0-1: Fly out, F9 (Flyball, 9LS)
|
Batting: SHB António Ramírez
|
0-0: Swinging Strike 0-1: Foul Ball, location: 2F 0-2: Ball 1-2: Foul Ball, location: 2F 1-2: Ball 2-2: Foul Ball, location: 2F 2-2: Fly out, F7 (Flyball, 7S)
|
Batting: RHB Greg Lee
|
0-0: Ball 1-0: Ball 2-0: Called Strike 2-1: Swinging Strike 2-2: Fly out, F8 (Flyball, 8RD)
|
Top of the 7th over - 0 runs, 0 hits, 0 errors, 0 left on base; Tuscaloosa 2 - Birmingham 4 |
BOTTOM OF THE 7TH |
Birmingham Barons batting - Pitching for Tuscaloosa Trout Slayers : RHP Jimmy Bradley
|
Batting: RHB Chris Parker
|
0-0: Swinging Strike 0-1: Ball 1-1: Foul Ball, location: 2F 1-2: Ground out 4-3 (Groundball, 34)
|
Batting: LHB Salvador López
|
0-0: Ball 1-0: Ground out 6-3 (Groundball, 56)
|
Batting: RHB Dean Bailey
|
0-0: Called Strike 0-1: Ball 1-1: Foul Ball, location: 2F 1-2: Strikes out swinging
|
Bottom of the 7th over - 0 runs, 0 hits, 0 errors, 0 left on base; Tuscaloosa 2 - Birmingham 4 |
TOP OF THE 8TH |
Tuscaloosa Trout Slayers batting - Pitching for Birmingham Barons : RHP Pedro Valdés
|
Pitching: LHP Carlos Berru
|
|
Batting: LHB Manuel Ortega
|
0-0: Ball 1-0: Ball 2-0: Foul Ball, location: 2F 2-1: Foul Ball, location: 2F 2-2: Strikes out looking
|
Batting: RHB José Fernández
|
0-0: Foul Ball, location: 2F 0-1: Ball 1-1: Ball 2-1: Swinging Strike 2-2: Ball 3-2: Base on Balls
|
Batting: LHB Ed Murray
|
0-0: Ball 1-0: Ball 2-0: Called Strike 2-1: Foul Ball, location: 2F 2-2: SINGLE (Groundball, 4MD) José Fernández to second
|
Pinch Runner at 2nd Eddy Jefferson:
|
|
Pinch Hitting: RHB Kyle O'Day
|
0-0: Called Strike 0-1: Foul Ball, location: 2F 0-2: Ball 1-2: Ball 2-2: Ball 3-2: Strikes out swinging
|
Batting: LHB Marcos Villarreal
|
0-0: Swinging Strike 0-1: Called Strike 0-2: Ball 1-2: Strikes out looking
|
Top of the 8th over - 0 runs, 1 hit, 0 errors, 2 left on base; Tuscaloosa 2 - Birmingham 4 |
BOTTOM OF THE 8TH |
Birmingham Barons batting - Pitching for Tuscaloosa Trout Slayers : RHP Jimmy Bradley
|
Now in LF: Kyle O'Day
|
|
Batting: RHB Bryant von Bohlen
|
0-0: Called Strike 0-1: Ball 1-1: Ball 2-1: Ball 3-1: Fly out, F4 (Popup, 4M)
|
Batting: RHB Reinaldo Amarante
|
0-0: Called Strike 0-1: Foul Ball, location: 2F 0-2: Ball 1-2: Foul Ball, location: 2F 1-2: Ground out 4-3 (Groundball, 4)
|
Batting: RHB Fred Moulds
|
0-0: Ground out 5-3 (Groundball, 56)
|
Bottom of the 8th over - 0 runs, 0 hits, 0 errors, 0 left on base; Tuscaloosa 2 - Birmingham 4 |
TOP OF THE 9TH |
Tuscaloosa Trout Slayers batting - Pitching for Birmingham Barons : LHP Carlos Berru
|
Pitching: RHP Bill Lowe
|
|
Batting: RHB José Pinto
|
0-0: Called Strike 0-1: Foul Ball, location: 2F 0-2: SINGLE (Line Drive, 8LS)
|
Batting: RHB Augusto Baca
|
0-0: Ball 1-0: Grounds into double play, 3-6-3 (Groundball, 3)
|
Batting: SHB António Ramírez
|
0-0: Ground out 4-3 (Groundball, 4D)
|
Top of the 9th over - 0 runs, 1 hit, 0 errors, 0 left on base; Tuscaloosa 2 - Birmingham 4 |
|